 Dungeon Crawl Stone Soup version 0.31-a0-237-g2d982f9f85 (webtiles) character file.

Game seed: 16222439101055267776

42 qw the Shooter (level 3, 0/29 HPs)
             Began as a Minotaur Hexslinger on July 10, 2023.
             Succumbed to a goblin's poison
             ... on level 3 of the Dungeon.
             The game lasted 00:00:30 (1893 turns).

qw the Shooter (Minotaur Hexslinger)                Turns: 1893, Time: 00:00:31

Health: 0/29       AC:  4    Str: 12    XL:     3   Next: 35%
Magic:  3/3        EV: 12    Int: 10    God:
Gold:   62         SH:  0    Dex: 14    Spells: 3/4 levels left

rFire   . . .        Y - +1 sling (chaos)
rCold   . . .        (no shield)
rNeg    . . .        d - +0 leather armour
rPois   .            (helmet restricted)
rElec   .            (no cloak)
rCorr   .            g - +0 pair of gloves
SInv    .            (no boots)
Will    .....        (no amulet)
Stlth   +            (no ring)
HPRegen 0.24/turn    (no ring)
MPRegen 0.08/turn

%: no passive effects
@: lethally poisoned (0 -> -17)
A: horns 2, retaliatory headbutt
a: no special abilities


You were on level 3 of the Dungeon.
You visited 1 branch of the dungeon, and saw 3 of its levels.

You collected 118 gold pieces.
You spent 56 gold pieces at shops.


Innate Abilities, Weirdness & Mutations

You have a pair of horns on your head.
You reflexively headbutt those who attack you in melee.


   Skills:
 - Level 2.0 Fighting
 + Level 3.9 Ranged Weapons
 - Level 2.1 Dodging
 - Level 1.0 Spellcasting
 - Level 2.0 Hexes


You had 3 spell levels left.
You knew the following spells:

 Your Spells              Type           Power      Damage    Failure   Level
a - Slow                  Hex            16%        N/A       19%         1

Your spell library contained the following spells:

 Spells                   Type           Power      Damage    Failure   Level
 Inner Flame              Hex/Fire       2%         N/A       65%         3
 Portal Projectile        Hex/Tloc       4%         N/A       65%         3
 Cause Fear               Hex            2%         N/A       88%         4

Inventory:

Hand Weapons
 Y - a +1 sling of chaos (weapon)
Armour
 d - a +0 leather armour (worn)
 g - a +0 pair of gloves (worn)
Scrolls
 e - a scroll of vulnerability {unknown}
 i - 3 scrolls of identify
Potions
 a - 2 potions of curing {unknown}
 b - a potion of heal wounds {unknown}
 c - a potion of mutation {unknown}
 f - a potion of might

Dungeon Overview and Level Annotations

Branches:
Dungeon (3/15)

Altars:

Shops:
D:3 ?

Annotations:
D:3 Robin


Message History

You shoot a sling bullet. The sling bullet hits the goblin.
The sling bullet burns the goblin.
The goblin is heavily wounded.
The goblin closely misses you.
Robin's bangles clink loudly.
The goblin misses you.
You shoot a sling bullet.
The sling bullet barely misses the goblin.
The goblin hits you with a +0 club. The goblin closely misses you.
The goblin hits you but does no damage. The goblin barely misses you.
You shoot a sling bullet.
The sling bullet hits the goblin but does no damage.
The goblin suddenly seems more resistant.
The goblin is heavily wounded.
The goblin barely misses you. The goblin hits you but does no damage.
You shoot a sling bullet.
The sling bullet barely misses the goblin.
Robin roars a battlecry!
The goblins go into a battle-frenzy!
The goblin barely misses you. The goblin hits you but does no damage.
You hear a shout!
You shoot a sling bullet. The sling bullet hits the goblin.
The goblin is almost dead.
You hear a shout!
The hobgoblin no longer looks unusually strong.
The goblin hits you with a +0 club.
The goblin hits you with a +0 dagger of venom.
You are lethally poisoned!
The goblin closely misses you.
A goblin comes into view. It is wielding a +0 dagger.
The goblin hits you with a +0 club.
You shoot a sling bullet.
The sling bullet closely misses the goblin.
You feel very sick.
The goblin no longer looks unusually strong. x2
The goblin closely misses you. The goblin hits you but does no damage.
You are more poisoned.
You shoot a sling bullet. The sling bullet hits the goblin!
You kill the goblin!
You die... #.. #.. #g# #.# #.. #g#####.. #g)gggg.#

#@# ##.##
##...##
#.....########
#............##
#.....#######.##
##...## #..##
##### #...#
#.#.####


You could see Robin, 2 hobgoblins and 4 goblins.

Vanquished Creatures
  2 endoplasms
  3 giant cockroaches
  3 goblins
  6 hobgoblins
  2 jackals (D:1)
  3 quokkas
  7 ball pythons
  3 bats
  4 frilled lizards
  2 kobolds (D:1)
  2 rats
37 creatures vanquished.

Notes
Turn   | Place    | Note
-------+----------+-------------------------------------------
     0 | D:1      | qw the Minotaur Hexslinger began the quest for the Orb.
     0 | D:1      | Reached XP level 1. HP: 16/16 MP: 1/1
     0 | D:1      | 0 ||| qw: Version: 0.3-a-52-g30416fa
     0 | D:1      | 0 ||| qw: Game counter: 5197
     0 | D:1      | 0 ||| qw: Melee chars always use a shield: true
     0 | D:1      | 0 ||| qw: God list: Okawaru
     0 | D:1      | 0 ||| qw: Allow faded altars: false
     0 | D:1      | 0 ||| qw: Do Orc after clearing Dungeon:15 true
     0 | D:1      | 0 ||| qw: Do second Lair branch before Depths: true
     0 | D:1      | 0 ||| qw: Lair rune preference: random
     0 | D:1      | 0 ||| qw: Goals: Normal
     0 | D:1      | 0 ||| PLANNING D:1-11
   181 | D:1      | Reached skill level 3 in Ranged Weapons
   199 | D:1      | Reached XP level 2. HP: 23/23 MP: 2/2
   639 | D:1      | 639 ||| UPGRADING to +0 leather armour.
   649 | D:1      | 649 ||| DROPPING +0 robe.
   650 | D:1      | 650 ||| UPGRADING to +0 pair of gloves.
   655 | D:1      | 655 ||| READING scroll labelled NOOLIRH WAMEOB.
   656 | D:1      | 656 ||| READING scroll labelled KAYROPNIGHE.
   657 | D:1      | 657 ||| READING 2 scrolls labelled UZITIU LAEKITZ.
   658 | D:1      | 658 ||| DRINKING 2 inky potions.
   685 | D:1      | 685 ||| DROPPING scroll of poison.
   686 | D:1      | 686 ||| DROPPING potion of lignification.
  1234 | D:2      | Reached XP level 3. HP: 29/29 MP: 3/3
  1488 | D:2      | 1488 ||| READING scroll labelled HOIJUGGERA.
  1489 | D:2      | 1489 ||| DRINKING 2 blue potions.
  1510 | D:3      | 1510 ||| PLANNING SEWER
  1539 | D:3      | Found Lemuheir's Magic Scroll Shoppe.
  1547 | D:3      | 1547 ||| SHOPLISTING scroll of acquirement (728 gold, have
                  | 85).
  1547 | D:3      | 1547 ||| BUYING scroll of identify (28 gold).
  1547 | D:3      | Bought a scroll of identify for 28 gold pieces
  1547 | D:3      | 1547 ||| BUYING scroll of identify (28 gold).
  1547 | D:3      | Bought a scroll of identify for 28 gold pieces
  1547 | D:3      | 1547 ||| SHOPLISTING scroll of teleportation (42 gold, have
                  | 29).
  1877 | D:3      | Noticed Robin
  1892 | D:3      | HP: 5/29 [poisoned by a goblin]
  1893 | D:3      | Succumbed to a goblin's poison

Levels and vault maps discovered:
D:1:      lemuel_arrival_funnel, layout_basic, amethyst_killhole
D:2:      layout_basic, serial_forest, infiniplex_forest_end_2,
          infiniplex_forest_clump_large, infiniplex_forest_straight_2,
          infiniplex_forest_clump_double, infiniplex_forest_clump_double,
          infiniplex_forest_lined_3, infiniplex_forest_straight_2
D:3:      layout_loops_corners, gup_sewer_entry_glass,
          hellmonk_ecumenical_altar_inner_sanctum, serial_shops,
          nicolae_shop_gibbet_a_chance, chequers_jeans,
          kennysheep_big_empty_room, uniq_robin

Skill      XL: |  1  2 |
---------------+-------+-----
Ranged Weapons | 3 |  3.9
Fighting       | 2 |  2.0
Dodging        | |  2.1
Spellcasting   | |  1.0
Hexes          | |  2.0

Action                     || total
---------------------------++-------
   Fire: Sling             ||   102
    Use: Scroll            ||     4
         Potion            ||     2
 Armour: Robe              ||     4
         Leather armour    ||    17
  Dodge: Dodged            ||    48

Table legend:
 A = Non-vault XP
 B = Vault XP
 C = Vault XP percentage of total XP
 D = Non-vault monster count
 E = Vault monster count
 F = Vault count percentage of total count
                 A         B        C        D         E       F
            +---------+---------+-------+---------+---------+-------
      Total |      53 |      10 |  15.9 |      32 |       5 |  13.5
            +---------+---------+-------+---------+---------+-------
        D:1 |      26 |       0 |   0.0 |      16 |       0 |   0.0
        D:2 |      18 |       0 |   0.0 |      11 |       0 |   0.0
        D:3 |       9 |      10 |  52.6 |       5 |       5 |  50.0
            +---------+---------+-------+---------+---------+-------
